 Dungeon Crawl Stone Soup version 0.28-a0-803-g74956062c1 (webtiles) character file.

Game seed: 4711516175908006264

1908 Decritt the Zephyrmancer (level 9, -1/54 HPs)
             Began as a Tengu Air Elementalist on Nov 7, 2021.
             Was a Follower of Vehumet.
             Succumbed to Harold's poison
             ... on level 7 of the Dungeon.
             The game lasted 00:39:32 (10646 turns).

Decritt the Zephyrmancer (Tengu Air Elementalist)  Turns: 10646, Time: 00:39:32

Health: -1/54      AC: 15    Str:  9    XL:     9   Next: 16%
Magic:  14/16      EV: 14    Int: 19    God:    Vehumet [*.....]
Gold:   242        SH:  0    Dex: 14    Spells: 8/16 levels left

rFire   . . .      SeeInvis .   e - staff of air
rCold   . . .      Faith    .   (no shield)
rNeg    . . .      Spirit   .   h - +0 ring mail
rPois   .          Reflect  .   (helmet restricted)
rElec   +          Harm     .   g - +1 cloak
rCorr   .          Rampage  .   x - +2 pair of gloves
Will    .....                   (boots unavailable)
Stlth   +.........              a - amulet of magic regeneration
HPRegen 0.18/turn               f - +4 ring of protection
MPRegen 0.40/turn               (no ring)

@: brilliant, lethally poisoned (-1 -> -7), marked, flying quickly and
evasively, quick
A: beak, talons 3, nimble flight
a: Renounce Religion


You were on level 7 of the Dungeon.
You worshipped Vehumet.
Vehumet was aware of your devotion.
You visited 2 branches of the dungeon, and saw 8 of its levels.

You collected 242 gold pieces.

Inventory:

Hand Weapons
 v - a +2 flail of holy wrath
Missiles
 j - 17 poisoned darts (quivered)
 p - 2 boomerangs
Armour
 c - a +2 scale mail of fire resistance
 g - a +1 cloak (worn)
 h - a +0 ring mail (worn)
 q - a +0 leather armour
 x - a +2 pair of gloves (worn)
Magical Staves
 e - a staff of air (weapon)
Jewellery
 a - an amulet of magic regeneration (around neck)
 f - a +4 ring of protection (left hand)
Wands
 b - a wand of flame (11)
 i - a wand of iceblast (7)
 o - a wand of digging (10)
 u - a wand of charming (5)
Scrolls
 l - 3 scrolls of enchant weapon
Potions
 k - a potion of haste


   Skills:
 - Level 5.3 Fighting
 * Level 5.6 Armour
 - Level 4.5 Dodging
 - Level 2.0 Stealth
 - Level 4.0 Spellcasting
 - Level 4.4 Conjurations
 + Level 8.8 Air Magic


You had 8 spell levels left.
You knew the following spells:

 Your Spells              Type           Power      Damage    Failure   Level
a - Shock                 Conj/Air       100%       1d9       2%          1
b - Airstrike             Air            35%        N/A       9%          4
c - Swiftness             Air            71%        N/A       2%          3

Your spell library contained the following spells:

 Spells                   Type           Power      Damage    Failure   Level
 Sandblast                Erth           10%        2d5       34%         1
 Static Discharge         Conj/Air       60%        N/A       3%          2
 Foxfire                  Conj/Fire      72%        2x1d7     14%         1
 Mephitic Cloud           Conj/Pois/Air  46%        N/A       17%         3
 Animate Skeleton         Necr           10%        N/A       34%         1
 Apportation              Tloc           10%        N/A       34%         1
 Summon Small Mammal      Summ           20%        N/A       34%         1
 Conjure Flame            Conj/Fire      18%        6-21      38%         3
 Ignite Poison            Fire/Tmut/Pois 5%         N/A       71%         3
 Inner Flame              Hex/Fire       5%         N/A       71%         3
 Flame Wave               Conj/Fire      18%        3d5       80%         4
 Freezing Cloud           Conj/Ice/Air   23%        6-21      83%         5
 Leda's Liquefaction      Hex/Erth       2%         N/A       98%         4
 Alistair's Intoxication  Tmut/Pois      3%         N/A       100%        5
 Lee's Rapid Deconstruct  Erth           2%         3d6*      100%        5
 Invisibility             Hex            2%         N/A       100%        6
 Statue Form              Tmut/Erth      3%         N/A       100%        6


Dungeon Overview and Level Annotations

Branches:
Dungeon (7/15)             Temple (1/1) D:5

Altars:
Ashenzari
Dithmenos
Elyvilon
Gozag
Hepliaklqana
Kikubaaqudgha
Makhleb
Nemelex Xobeh
Qazlal
Ru
Sif Muna
Trog
Uskayaw
Vehumet
Wu Jian
Xom
The Shining One

Shops:
D:6 [

Annotations:
D:7 Harold


Innate Abilities, Weirdness & Mutations

You have a beak for a mouth.
You have claws for feet.
Your magical nature lets you fly swiftly and evasively.


Message History

You feel better.
Harold hits you with a +3 flail of venom!
* * * LOW HITPOINT WARNING * * *
You are lethally poisoned!
You are confused.
You feel invigorated.
Your surroundings suddenly seem different.
* * * LOW HITPOINT WARNING * * *
You feel very sick.
Okay, then.
You're too confused to move!
* * * LOW HITPOINT WARNING * * *
You feel very sick.
You are too confused!
* * * LOW HITPOINT WARNING * * *
You feel very sick.
You feel less invigorated.
You feel less confused.
* * * LOW HITPOINT WARNING * * *
You feel very sick.
You feel clever all of a sudden.
* * * LOW HITPOINT WARNING * * *
You feel sick.
Casting: Shock (safe; 2% risk of failure)
Confirm with . or Enter, or press ? or * to list all spells.
Aiming: Shock (safe; 2% risk of failure)
Press: ? - help, Shift-Dir - straight line, f - Harold
Aim: Harold, wielding a +3 flail of venom, wearing a +3 chain mail of willpower and quivering 3 throwing nets (lightly wounded, 88% to hit)
You feel a strong surge of power!
The zap hits Harold.
Harold is moderately wounded.
* * * LOW HITPOINT WARNING * * *
You feel sick.
Casting: Shock (safe; 2% risk of failure)
Confirm with . or Enter, or press ? or * to list all spells.
Aiming: Shock (safe; 2% risk of failure)
Press: ? - help, Shift-Dir - straight line, f/p - Harold
Aim: Harold, wielding a +3 flail of venom, wearing a +3 chain mail of willpower and quivering 3 throwing nets (moderately wounded, 88% to hit)
You feel a strong surge of power!
The zap hits Harold but does no damage.
Harold is moderately wounded.
You die...

#......'.....##.....#
#......#.....#......#
#......####'###<....#
#.....##.....##.J...+
#.....#......##!..###
#.....#......##.@.#
#..)).#...........#
#.....#...........#
#..<).#.........@.#
#.....#...........#
#.....+ ..........#
#.....###+######+##
##+#.........
...#.........
...'.........
...#.........
...#....###.(


You could see Harold and a jelly.

Vanquished Creatures
  Grinder (D:6)
  Edmund (D:5)
  A hornet zombie (D:6)
  An ice beast (D:5)
  2 orc warriors (D:6)
  2 ogres (D:4)
  A kobold brigand (D:5)
  A scorpion (D:6)
  2 bullfrog zombies
  A centaur zombie (D:6)
  6 orc priests
  2 hounds (D:6)
  4 iguanas
  A centaur skeleton (D:5)
  9 orc wizards
  A hound skeleton (D:4)
  A howler monkey zombie (D:5)
  8 adders
  A shadow imp (D:3)
  An ufetubus (D:6)
  An adder skeleton (D:4)
  3 worms
  3 dart slugs
  31 orcs
  11 ball pythons
  2 endoplasms
  2 giant cockroaches
  9 hobgoblins
  4 jackals (D:2)
  2 quokkas
  4 bats
  5 frilled lizards
  5 goblins
  6 kobolds
  6 rats
141 creatures vanquished.

Notes
Turn   | Place    | Note
-------+----------+-------------------------------------------
     0 | D:1      | Decritt the Tengu Air Elementalist began the quest for the
                  | Orb.
     0 | D:1      | Reached XP level 1. HP: 10/10 MP: 4/4
   428 | D:1      | Reached XP level 2. HP: 15/15 MP: 3/6
  1106 | D:1      | Reached XP level 3. HP: 19/19 MP: 6/8
  1491 | D:2      | Found a faded altar of an unknown god.
  1492 | D:2      | Noticed a shining eye
  1498 | D:2      | Noticed a shining eye
  1755 | D:2      | Noticed a shining eye
  1773 | D:2      | Noticed a golden eye
  2027 | D:3      | Reached XP level 4. HP: 14/24 MP: 9/9
  2684 | D:3      | Learned a level 3 spell: Swiftness
  2750 | D:3      | Reached skill level 1 in Fighting
  2750 | D:3      | Reached skill level 5 in Air Magic
  2750 | D:3      | Gained mutation: Your magical nature lets you fly swiftly
                  | and evasively. [Tengu growth]
  2750 | D:3      | Reached XP level 5. HP: 16/29 MP: 1/10
  3931 | D:4      | Noticed an ogre
  4016 | D:4      | Killed an ogre
  4017 | D:4      | Reached XP level 6. HP: 33/36 MP: 9/11
  4586 | D:5      | Entered Level 5 of the Dungeon
  4950 | D:5      | Reached skill level 6 in Air Magic
  5264 | D:5      | Reached XP level 7. HP: 42/42 MP: 6/12
  5311 | D:5      | Noticed Edmund
  5349 | D:5      | Killed Edmund
  6746 | D:5      | Found a staircase to the Ecumenical Temple.
  6761 | Temple   | Entered the Ecumenical Temple
  6796 | Temple   | Became a worshipper of Vehumet
  7074 | D:5      | Reached skill level 5 in Fighting
  7401 | D:6      | Reached skill level 7 in Air Magic
  7401 | D:6      | Reached XP level 8. HP: 39/49 MP: 8/13
  7584 | D:6      | Learned a level 4 spell: Airstrike
  7620 | D:6      | Reached skill level 1 in Armour
  8097 | D:6      | Noticed Grinder
  8120 | D:6      | Killed Grinder
  8172 | D:6      | Found Adoufy's Antique Armour Emporium.
  8707 | D:6      | Found a broken altar of Ashenzari.
  8730 | D:6      | Reached skill level 8 in Air Magic
  8853 | D:6      | Reached * piety under Vehumet
  8853 | D:6      | Offered knowledge of Sandblast by Vehumet.
  8951 | D:6      | Identified a scroll of acquirement
  8951 | D:6      | Acquired a staff of air
  9313 | D:6      | Found a shimmering altar of Xom.
 10033 | D:6      | Reached XP level 9. HP: 42/54 MP: 11/16
 10111 | D:7      | Reached skill level 5 in Armour
 10627 | D:7      | Noticed Harold
 10637 | D:7      | HP: 1/54 [Harold (21)]
 10645 | D:7      | HP: 1/54 [poisoned by Harold]
 10646 | D:7      | Succumbed to Harold's poison

Illustrated notes

Levels and vault maps discovered:
D:1:      minmay_arrival_hallway, layout_loops_ring
D:2:      layout_loops_ring, hellmonk_ecumenical_altar_watching_god
D:3:      layout_basic, minmay_statues_item
D:4:      minmay_evil_eye, layout_basic, minmay_crossroads
D:5:      layout_basic, temple_fountains, uniq_edmund
D:6:      minmay_angry_zag, layout_loops_ring,
          mainiacjoe_overflow_surrounded_room,
          mainiacjoe_overflow_cross_hatched, serial_shops, nicolae_shop_trees,
          uniq_grinder
D:7:      layout_gridville, fedhas_altar_decomposition,
          okawaru_altar_gauntlet_db, serial_shops, shop_statue, uniq_harold
Temple:   regret_index_temple_waves

Skill      XL: |  1  2  3  4  5  6  7  8  9 |
---------------+----------------------------+-----
Conjurations   | 2 3 4 |  4.4
Spellcasting   | 3 4 |  4.0
Fighting       | 1 2 3 5 |  5.3
Air Magic      | 5 6 7 8 |  8.8
Dodging        | 3 4 |  4.5
Armour         | 4 5 |  5.6
Stealth        | |  2.0

Action                   |  1- 3 |  4- 6 |  7- 9 || total
-------------------------+-------+-------+-------++-------
Melee: Dagger            |    27 |       |       ||    27
       Peck              |    10 |     7 |     5 ||    22
       Kick              |     8 |    12 |     7 ||    27
       Rapier            |    20 |    45 |     3 ||    68
       Flail             |       |       |    23 ||    23
       Staff             |       |       |    20 ||    20
Throw: Dart              |    11 |    93 |    34 ||   138
 Cast: Shock             |    67 |    54 |   243 ||   364
  Use: Scroll            |       |       |    15 ||    15
       Potion            |       |       |     5 ||     5
Armor: Robe              |    14 |    10 |       ||    24
       Leather armour    |       |    11 |    27 ||    38
       Ring mail         |       |       |    42 ||    42
Dodge: Dodged            |    31 |    60 |    85 ||   176

Table legend: (Time is in decaauts)
 A = Elapsed time spent in this place.
 B = Non-inter-level travel time spent in this place.
 C = Inter-level travel time spent in this place.
 D = Time resting spent in this place.
 E = Time spent auto-exploring this place.
 F = Levels seen in this place.
 G = Mean time per level.
                   A        B        C        D        E       F      G
               +--------+--------+--------+--------+--------+-----+--------+
         Total |  10336 |  10129 |    207 |   3315 |   4684 |   8 | 1292.0 |
       Dungeon |  10227 |  10035 |    192 |   3315 |   4601 |   7 | 1461.0 |
        Temple |    109 |     95 |     14 |      0 |     82 |   1 |  109.0 |
               +--------+--------+--------+--------+--------+-----+--------+

Top non-repeatable levels by time:
     D:6: 2693 daAuts
     D:4: 2214 daAuts
     D:5: 1723 daAuts
     D:1: 1251 daAuts
     D:3: 1004 daAuts
     D:2: 945 daAuts
     D:7: 393 daAuts
  Temple: 109 daAuts
